 Dungeon Crawl Stone Soup version 0.30-a0-618-gd6c86c23d0 (webtiles) character file.

Game seed: 6251531843666005361

11379 lesbiats the Grappler (level 11, -5/111 HPs)
             Began as a Troll Fighter on Jan 10, 2023.
             Was a Priest of Wu Jian.
             Slain by Snorg (15 damage)
             ... on level 11 of the Dungeon.
             The game lasted 00:42:48 (9561 turns).

lesbiats the Grappler (Troll Fighter)               Turns: 9561, Time: 00:42:49

Health: -5/111     AC:  5    Str: 26    XL:     11   Next: 48%
Magic:  0/10       EV:  9    Int:  8    God:    Wu Jian [***...]
Gold:   361        SH: 10    Dex:  9    Spells: 6/10 levels left

rFire   . . .      SeeInvis .      - Unarmed
rCold   + . .      Faith    .    b - +0 kite shield
rNeg    . . .      Spirit   +    a - +0 robe
rPois   .          Reflect  .    (helmet restricted)
rElec   .          Harm     .    u - +0 cloak
rCorr   .          Rampage  .    (gloves unavailable)
Will    .....                    (boots unavailable)
Stlth   +                        Q - amulet of guardian spirit
HPRegen 1.18/turn                P - +4 ring of slaying
MPRegen 0.12/turn                x - ring of protection from cold

@: no status effects
A: large, unfitting armour, claws 3, regeneration 1, shaggy fur 1, tough skin 1
a: Renounce Religion, Wall Jump, Serpent's Lash


You were on level 11 of the Dungeon.
You worshipped Wu Jian.
Wu Jian was most pleased with you.
You visited 2 branches of the dungeon, and saw 12 of its levels.
You also visited: Sewer.

You collected 451 gold pieces.
You spent 90 gold pieces at shops.

Inventory:

Missiles
 e - 4 javelins
 f - 39 poisoned darts (quivered)
 s - 3 boomerangs of dispersal
 G - 9 large rocks
 H - 4 atropa-tipped darts
Armour
 a - a +0 robe (worn)
 b - a +0 kite shield (worn)
 u - a +0 cloak (worn)
 L - a +2 cloak
Jewellery
 j - a ring of resist corrosion
 p - a ring of see invisible
 x - a ring of protection from cold (right claw)
 F - a ring of wizardry
 P - a +4 ring of slaying (left claw)
 Q - an amulet of guardian spirit (around neck)
Wands
 q - a wand of quicksilver (6)
 w - a wand of iceblast (12)
 E - a wand of charming (23)
 N - a wand of polymorph (6)
Scrolls
 d - 5 scrolls of noise
 g - 4 scrolls of teleportation
 i - 2 scrolls of enchant armour
 n - 4 scrolls of vulnerability
 t - 2 scrolls of amnesia
 v - a scroll of poison {unknown}
 y - a scroll of brand weapon {unknown}
 D - 2 scrolls of immolation
 I - 2 scrolls of magic mapping
 K - 2 scrolls of blinking {unknown}
 M - a scroll of fear {unknown}
Potions
 c - 3 potions of might
 h - 2 potions of lignification
 k - a potion of attraction
 l - 2 potions of invisibility
 m - 2 potions of heal wounds
 o - 3 potions of curing
 r - 7 potions of flight
 z - 2 potions of cancellation
 A - a potion of mutation
 B - a potion of ambrosia
 C - a potion of degeneration {unknown}
 J - a potion of haste
 O - a potion of resistance {unknown}
 R - 2 potions of brilliance {unknown}


   Skills:
 + Level 8.1 Fighting
 - Level 2.4 Dodging
 + Level 8.9 Shields
 * Level 13.0 Unarmed Combat
 - Level 0.5 Transmutations
 - Level 0.8 Earth Magic


You had 6 spell levels left.
You knew the following spells:

 Your Spells              Type           Power      Damage    Failure   Level
a - Passwall              Tmut/Erth      0%         N/A       67%         2
b - Blink                 Tloc           0%         N/A       77%         2

Your spell library contained the following spells:

 Spells                   Type           Power      Damage    Failure   Level
 Sandblast                Erth           2%         2d4       52%         1
 Foxfire                  Conj/Fire      0%         2x1d4     63%         1
 Kiss of Death            Conj/Necr      0%         2d5       63%         1
 Momentum Strike          Conj/Tloc      0%         3d8       77%         2
 Stone Arrow              Conj/Erth      0%         3d7       91%         3
 Call Canine Familiar     Summ           0%         N/A       94%         3
 Confusing Touch          Hex            0%         N/A       94%         3
 Dazzling Flash           Conj/Hex       0%         N/A       94%         3
 Lesser Beckoning         Tloc           0%         N/A       94%         3
 Ozocubu's Armour         Ice            0%         N/A       94%         3
 Portal Projectile        Hex/Tloc       0%         N/A       94%         3
 Dispel Undead            Necr           0%         3d6       100%        4
 Leda's Liquefaction      Hex/Erth       0%         N/A       100%        4
 Manifold Assault         Tloc           0%         N/A       100%        4
 Agony                    Necr           0%         N/A       100%        5
 Fireball                 Conj/Fire      0%         3d3       100%        5
 Silence                  Hex/Air        0%         N/A       100%        5
 Starburst                Conj/Fire      0%         6d3       100%        6
 Ozocubu's Refrigeration  Ice            0%         4d7       100%        7
 Storm Form               Tmut/Air       0%         N/A       100%        7


Dungeon Overview and Level Annotations

Branches:
Dungeon (11/15)            Temple (1/1) D:6            Lair (0/5) D:8
  Sewer (visited)
    Orc: D:9-12

Altars:
Ashenzari
Cheibriados
Dithmenos
Elyvilon
Fedhas
Gozag
Hepliaklqana
Kikubaaqudgha
Makhleb
Nemelex Xobeh
Okawaru
Qazlal
Ru
Sif Muna
Trog
Uskayaw
Vehumet
Wu Jian
Xom
Yredelemnul
Zin
The Shining One

Shops:
D:1 !   D:8 *   D:9 *

Annotations:
D:11 Snorg


Innate Abilities, Weirdness & Mutations

You are too large for most types of armour.
You have claws for hands.
Your natural rate of healing is unusually fast.
You are covered in fur. (AC +1)
You have tough skin. (AC +1)


Message History

Throw: 6 darts (atropa)
Press: ? - help, Shift-Dir - straight line, f - Snorg
Aim: Snorg (64% to hit, chance to blind on hit: 3%)
You throw an atropa-tipped dart. The atropa-tipped dart hits Snorg.
Snorg resists.
Throw: 5 darts (atropa)
Press: ? - help, Shift-Dir - straight line, f/p - Snorg
Aim: Snorg (64% to hit, chance to blind on hit: 3%)
You throw an atropa-tipped dart. The atropa-tipped dart hits Snorg.
Snorg resists.
Throw: 40 darts (poison)
Press: ? - help, Shift-Dir - straight line, f/p - Snorg
Aim: Snorg (64% to hit)
You throw a poisoned dart. The poisoned dart hits Snorg.
You claw Snorg!
Snorg is lightly wounded.
Snorg goes berserk!
You closely miss Snorg.
Snorg is lightly wounded.
You block Snorg's attack. Snorg claws you. Snorg claws you but does no damage.
Snorg bites you. You block Snorg's attack. x2
You barely miss Snorg.
Snorg is lightly wounded.
You block Snorg's attack. x3
You claw Snorg!
Snorg is lightly wounded.
Snorg bites you! Snorg claws you!! Snorg closely misses you.
You completely miss Snorg.
Snorg is lightly wounded.
Snorg bites you!! You block Snorg's attack. Snorg claws you. Snorg bites you!!
* * * LOW HITPOINT WARNING * * *
You block Snorg's attack. Snorg claws you.
* * * LOW HITPOINT WARNING * * *
Okay, then.
Okay, then.
Snorg rages.
Snorg attacks as you move away! Snorg bites you!
* * * LOW HITPOINT WARNING * * *
You block Snorg's attack. Snorg claws you!
You die...

#.......### #.......'.##
####### #.......#..###
....... #.......##.#..
....... #.......##.#..
....(.. #.......##.#..
.....(. ####.......##.#..
.......###..'.......##.#..
.....<.'T@.##.......##.#..
?......########'######.'..
#+##### #..# ###.. #.##
### ##.# #..# ######.##
+......### ##....###


You could see Snorg (berserk).

Vanquished Creatures
  2 two-headed ogres (D:10)
  Nergalle (D:10)
  Pikel (D:8)
  2 cyclopes (D:11)
  A gargoyle (D:10)
  An unseen horror (D:7)
  A komodo dragon (D:11)
  A hornet (D:9)
  A wraith (D:9)
  A shadow (D:10)
  18 yaks
  A basilisk (D:8)
  Grum (D:10)
  Duvessa (D:6)
  A water moccasin (D:5)
  4 orc warriors
  2 sky beasts
  An ice beast (D:6)
  A black bear (D:7)
  An ogre (D:6)
  3 wolves (D:10)
  3 centaurs
  2 phantoms (D:6)
  A lemure (D:8)
  3 kobold brigands
  A bullfrog (D:8)
  3 scorpions (D:6)
  A necrophage (D:7)
  7 wights (D:7)
  Dowan (D:6)
  6 killer bees
  9 howler monkeys
  4 orc priests
  6 hounds
  2 gnoll boudas
  An iron imp (D:8)
  2 jellies (D:6)
  Ijyb (D:5)
  Crazy Yiuf (D:5)
  2 iguanas (D:6)
  8 orc wizards
  Robin (D:3)
  4 adders
  14 gnolls
  A river rat (Sewer)
  2 shadow imps
  5 white imps
  An ufetubus (D:5)
  3 worms
  2 dart slugs (D:3)
  29 orcs
  6 ball pythons
  3 bats
  5 endoplasms (D:1)
  6 giant cockroaches
  12 goblins
  9 hobgoblins
  3 jackals
  3 quokkas
  2 frilled lizards
  22 kobolds
  8 rats
251 creatures vanquished.

Vanquished Creatures (others)
  A human (D:3)
  An orc wizard (D:8)
  4 fungi
  7 plants
13 creatures vanquished.

Grand Total: 264 creatures vanquished

Notes
Turn   | Place    | Note
-------+----------+-------------------------------------------
     0 | D:1      | lesbiats the Troll Fighter began the quest for the Orb.
     0 | D:1      | Reached XP level 1. HP: 22/22 MP: 0/0
   110 | D:1      | Reached XP level 2. HP: 29/29 MP: 1/1
   113 | D:1      | Found Kijameant's Distillery.
   393 | D:1      | Bought a potion of lignification for 30 gold pieces
   552 | D:2      | Reached XP level 3. HP: 36/36 MP: 2/2
   785 | D:2      | Reached skill level 3 in Unarmed Combat
  1010 | D:3      | Found an ancient bone altar of Kikubaaqudgha.
  1012 | D:3      | Noticed a human
  1016 | D:3      | Killed a human
  1232 | D:3      | Noticed Robin
  1261 | D:3      | Killed Robin
  1307 | D:3      | Reached XP level 4. HP: 44/44 MP: 3/3
  1356 | D:3      | Learned a level 2 spell: Blink
  1876 | D:4      | Reached skill level 4 in Unarmed Combat
  1876 | D:4      | Reached XP level 5. HP: 22/53 MP: 4/4
  1929 | D:4      | Found a stormy altar of Qazlal.
  2316 | D:5      | Entered Level 5 of the Dungeon
  2323 | D:5      | Found a burning altar of Makhleb.
  2709 | D:5      | Reached XP level 6. HP: 61/61 MP: 5/5
  2726 | D:5      | Noticed Ijyb
  2736 | D:5      | Killed Ijyb
  2738 | D:5      | Reached skill level 5 in Unarmed Combat
  2746 | D:5      | Noticed an orc warrior
  2771 | D:5      | Killed an orc warrior
  2844 | D:5      | Found a glowing drain.
  2852 | Sewer    | Entered a sewer
  2948 | Sewer    | Reached XP level 7. HP: 68/68 MP: 6/6
  2978 | Sewer    | Found a white marble altar of Elyvilon.
  3217 | D:5      | Identified the +1 helmet of the Bells {+Inv}
  3365 | D:5      | Found a runed translucent door.
  3366 | D:5      | Noticed Crazy Yiuf
  3372 | D:5      | Killed Crazy Yiuf
  3373 | D:5      | Reached skill level 6 in Unarmed Combat
  3641 | D:6      | Found a bloodstained altar of Trog.
  3746 | D:6      | Reached XP level 8. HP: 73/79 MP: 7/7
  3749 | D:6      | Reached skill level 5 in Shields
  3753 | D:6      | Reached skill level 7 in Unarmed Combat
  3916 | D:6      | Found a shimmering blue altar of Sif Muna.
  3942 | D:6      | Found a staircase to the Ecumenical Temple.
  3949 | Temple   | Entered the Ecumenical Temple
  4041 | Temple   | Became a worshipper of the Wu Jian Council
  4131 | D:5      | Reached skill level 5 in Fighting
  4203 | D:6      | Reached skill level 8 in Unarmed Combat
  4267 | D:6      | Found a shimmering altar of Xom.
  4334 | D:6      | Noticed Duvessa
  4350 | D:6      | Noticed Dowan
  4366 | D:6      | Killed Dowan
  4375 | D:6      | Killed Duvessa
  4561 | D:6      | Found a white marble altar of Elyvilon.
  4889 | D:7      | Reached XP level 9. HP: 86/88 MP: 8/8
  5079 | D:6      | Reached * piety under Wu Jian
  5302 | D:7      | Reached skill level 9 in Unarmed Combat
  5388 | D:7      | HP: 3/81 [wight/+5 great sword of freezing (9)]
  5675 | D:7      | Noticed an unseen horror
  5680 | D:7      | Killed an unseen horror
  5898 | D:8      | Learned a level 2 spell: Passwall
  5964 | D:8      | Found a snail-covered altar of Cheibriados.
  6039 | D:8      | Reached skill level 10 in Unarmed Combat
  6099 | D:8      | Found Apeoh's CLEARANCE SALE!.
  6105 | D:8      | Bought a potion of haste for 60 gold pieces
  6225 | D:8      | Found a staircase to the Lair.
  6367 | D:8      | Noticed Pikel
  6545 | D:8      | Killed Pikel
  6546 | D:8      | Reached XP level 10. HP: 92/100 MP: 9/9
  6666 | D:8      | Reached ** piety under Wu Jian
  6784 | D:9      | Reached skill level 11 in Unarmed Combat
  6990 | D:9      | Found Cizergh's Lightly-Used Armoury.
  7091 | D:9      | Paralysed by a hornet for 3 turns
  7360 | D:8      | Reached skill level 12 in Unarmed Combat
  7468 | D:9      | Reached *** piety under Wu Jian
  7614 | D:9      | Found a broken altar of Ashenzari.
  7992 | D:10     | Entered Level 10 of the Dungeon
  8725 | D:10     | Noticed Nergalle
  8725 | D:10     | Noticed a two-headed ogre
  8787 | D:10     | Reached XP level 11. HP: 101/109 MP: 8/10
  8870 | D:10     | Noticed a two-headed ogre
  8880 | D:10     | Killed a two-headed ogre
  9094 | D:10     | Noticed Grum
  9104 | D:10     | Killed Grum
  9195 | D:10     | Killed Nergalle
  9313 | D:10     | Killed a two-headed ogre
  9439 | D:11     | Reached skill level 13 in Unarmed Combat
  9550 | D:11     | Noticed Snorg
  9561 | D:11     | Slain by Snorg

Illustrated notes

Levels and vault maps discovered:
D:1:      ebering_trefoil_twist, layout_rooms, serial_shops,
          nicolae_square_shop, minmay_misc_feat_cross
D:2:      layout_basic, roderic_lattice_a, minmay_misc_feat_room
D:3:      layout_loops_ring, tgw_kikubaaqudgha, nicolae_underground_beach,
          uniq_robin
D:4:      layout_basic, mainiacjoe_overflow_24_doors
D:5:      layout_basic, mainiacjoe_overflow_small_starburst,
          gup_sewer_entry_bubbles, uniq_ijyb, uniq_crazy_yiuf_cottage
D:6:      layout_rooms, tgw_xom, mainiacjoe_overflow_paths, elyvilon_altar_3,
          trog_butcher_becter, minmay_temple_entry_junction_2,
          grunt_decor_resistance, uniq_duvessa
D:7:      cheibrodos_two_vegetables, layout_rooms, due_unseen_surprise
D:8:      layout_rooms, slow_altar_1, dpeg_oklobed_lair, nicolae_shop_clearance,
          uniq_pikel
D:9:      layout_basic, ashenzari_conservatory_becter, corexii_checkpoint_a,
          minmay_shop_damaged
D:10:     layout_basic, chequers_serial_rivers_room_a,
          kennysheep_generic_room_9, uniq_nergalle, uniq_grum
D:11:     layout_roguey, uniq_snorg
Temple:   hellmonk_temple_forest_ring

Skill      XL: |  1  2  3  4  5  6  7  8  9 10 11 |
---------------+----------------------------------+-----
Shields        | 3 4 6 7 8 |  8.9
Unarmed Combat | 3 4 5 6 8 10 12 13 | 13.0
Fighting       | 3 4 5 6 7 8 |  8.1
Dodging        | |  2.4
Transmutations | |  0.5
Earth Magic    | |  0.8

Action                   |  1- 3 |  4- 6 |  7- 9 | 10-12 || total
-------------------------+-------+-------+-------+-------++-------
Melee: Unarmed           |   112 |   177 |   296 |   247 ||   832
Throw: Boomerang         |       |       |       |     2 ||     2
       Dart              |       |       |       |    12 ||    12
 Cast: Passwall          |       |       |       |     2 ||     2
Invok: Lunge             |       |       |    14 |    16 ||    30
       Whirlwind         |       |       |       |     9 ||     9
  Use: Scroll            |       |     5 |       |     8 ||    13
       Potion            |       |       |     2 |       ||     2
 Stab: Sleeping          |       |     1 |       |       ||     1
       Distracted        |       |       |     1 |       ||     1
Armor: Robe              |    38 |    51 |    59 |    33 ||   181
Dodge: Dodged            |    50 |    51 |    76 |    59 ||   236
Block: Kite shield       |    61 |    72 |   127 |   105 ||   365

Table legend: (Time is in decaauts)
 A = Elapsed time spent in this place.
 B = Non-inter-level travel time spent in this place.
 C = Inter-level travel time spent in this place.
 D = Time resting spent in this place.
 E = Time spent auto-exploring this place.
 F = Levels seen in this place.
 G = Mean time per level.
                   A        B        C        D        E       F      G
               +--------+--------+--------+--------+--------+-----+--------+
         Total |   9559 |   7039 |   2520 |   1410 |   2999 |  13 |  735.3 |
       Dungeon |   9265 |   6768 |   2497 |   1410 |   2825 |  11 |  842.3 |
        Temple |    105 |     82 |     23 |      0 |     72 |   1 |  105.0 |
         Sewer |    188 |    188 |      0 |      0 |    102 |   1 |  188.0 |
               +--------+--------+--------+--------+--------+-----+--------+

Top non-repeatable levels by time:
     D:7: 1662 daAuts
     D:5: 1175 daAuts
     D:9: 1148 daAuts
     D:6: 1010 daAuts
     D:8: 978 daAuts
     D:3: 778 daAuts
    D:10: 770 daAuts
     D:4: 559 daAuts
     D:2: 552 daAuts
     D:1: 446 daAuts
   Sewer: 188 daAuts
    D:11: 183 daAuts
  Temple: 105 daAuts
